 Dungeon Crawl Stone Soup version 0.31-a0-986-g5e6e4ef867 (webtiles) character file.

Game seed: 8782188079826349042

1396 Danienth the Changeling (level 9, 0/112 HPs)
             Began as a Meteoran Shapeshifter on Nov 9, 2023.
             Was an Initiate of Qazlal.
             Succumbed to a water moccasin's poison
             ... on level 6 of the Dungeon.
             The game lasted 00:27:13 (3260 turns).

Danienth the Changeling (Meteoran Shapeshifter)     Turns: 3260, Time: 00:27:14

Health: 0/112      AC: 24    Str: 15 (16) XL:     9   Next: 20%
Magic:  13/13      EV:  2    Int: 12 (13) God:    Qazlal [......]
Gold:   322        SH:  0    Dex: 19 (22) Spells: 1/12 levels left

rFire   . . .        l - +4 sling of Stickiness {flame, rPois Dex+5}
rCold   . . .        (no shield)
rNeg    . . .        w - melded +0 leather armour {rF+}
rPois   +            y - melded +1 helmet
rElec   .            (cloak currently unavailable)
rCorr   .            (gloves currently unavailable)
SInv    +            q - melded +0 pair of boots
Will    +....        (no amulet)
Stlth   +            j - ring of see invisible
HPRegen 0.38/turn    r - ring of poison resistance
MPRegen 0.13/turn

%: no passive effects
@: lethally poisoned (0 -> -1), tree-form, glowing
A: stationary, stasis, torment immunity, boosted hp, sense surroundings 2,
otherworldly, glowing, explore regen
a: Renounce Religion


You were on level 6 of the Dungeon.
You worshipped Qazlal.
Qazlal was noncommittal.
You were a tree.
You visited 2 branches of the dungeon, and saw 7 of its levels.

You collected 322 gold pieces.

Inventory:

Hand Weapons
 l - the +4 sling of Stickiness (weapon) {flame, rPois Dex+5}
   (You found it on level 3 of the Dungeon)

   Dex+5:     It affects your dexterity (+5).
   rPois:     It protects you from poison
Missiles
 e - 4 boomerangs
 h - 6 poisoned darts
Armour
 a - a +0 animal skin
 q - a +0 pair of boots (melded)
 s - a +0 helmet
 w - a +0 leather armour of fire resistance (melded)
 x - an orb of energy
 y - a +1 helmet (melded)
Jewellery
 j - a ring of see invisible (left branch)
 r - a ring of poison resistance (right branch)
 v - a ring of ice
Talismans
 c - a beast talisman
 d - a flux talisman
Scrolls
 g - a scroll of poison
 k - a scroll of amnesia
 m - 2 scrolls of identify
 t - a scroll of revelation
Potions
 f - 5 potions of haste
 i - 2 potions of invisibility
 n - a potion of brilliance
 o - 3 potions of might
 p - a potion of mutation


   Skills:
 - Level 6.1 Fighting
 - Level 5.3 Ranged Weapons
 + Level 4.2 Dodging
 * Level 4.1 Unarmed Combat
 + Level 2.3 Spellcasting
 - Level 7.1 Shapeshifting


You had one spell level left.
You knew the following spells:

 Your Spells              Type           Power      Damage    Failure   Level
a - Manifold Assault      Tloc           1%         N/A       95%         4
b - Hailstorm             Conj/Ice       1%         3d3       61%         3
c - Summon Ice Beast      Ice/Summ       1%         N/A       95%         4

Your spell library contained the following spells:

 Spells                   Type           Power      Damage    Failure   Level
 Dispersal                Tloc           0%         N/A       100%        6
 Simulacrum               Ice/Necr       0%         N/A       100%        6
 Disjunction              Tloc           0%         N/A       100%        8


Dungeon Overview and Level Annotations

Branches:
Dungeon (6/15) Zot: 384    Temple (1/1) D:5 Zot: 533

Altars:
Ashenzari
Elyvilon
Fedhas
Nemelex Xobeh
Qazlal
Ru
Sif Muna
Trog
Uskayaw
Vehumet
Wu Jian
Xom
Yredelemnul
Zin
The Shining One

Annotations:
D:5 1 runed translucent door


Innate Abilities, Weirdness & Mutations

You are a tree.
Your roots penetrate the ground, keeping you stationary.
You cannot be teleported.
You are immune to unholy pain and torment.
Your maximum health is greatly increased.
Your equipment is partially melded.
You passively map the area around you.
You are easily found by Zot.
You glow in the dark.
You regain HP and MP as you explore.


Message History

The water moccasin is almost dead.
* * * LOW HITPOINT WARNING * * *
You feel very sick.
The water moccasin bites you but does no damage.
The water moccasin barely misses you.
Fire: l) +4 sling of Stickiness {flame, rPois Dex+5}
Press: ? - help, Shift-Dir - straight line, f/p - water moccasin
Aim: a water moccasin (almost dead, 56% to hit)
You shoot a sling bullet.
The sling bullet hits the water moccasin.
The sling bullet burns the water moccasin.
You kill the water moccasin!
Qazlal accepts your kill.
* * * LOW HITPOINT WARNING * * *
You feel very sick.
Your Unarmed Combat skill increases to level 4!
There is a lethal amount of poison in your body!
It was a potion of degeneration.
There was something very wrong with that liquid.
You feel weakened.
You feel dopey.
You feel clumsy.
* * * LOW HITPOINT WARNING * * *
You feel very sick.
Okay, then.
Okay, then.
Okay, then.
* * * LOW HITPOINT WARNING * * *
You feel sick.
* * * LOW HITPOINT WARNING * * *
You feel sick.
* * * LOW HITPOINT WARNING * * *
You feel sick.
* * * LOW HITPOINT WARNING * * *
You feel sick.
* * * LOW HITPOINT WARNING * * *
You feel sick.
* * * LOW HITPOINT WARNING * * *
You feel sick.
* * * LOW HITPOINT WARNING * * *
You feel sick.
You die...

....# ###.# ..#.# #.#.#
#.#)# ### ### #.#.# #.. ,
..# #.#.###.########.# *
#..............#.# ,
#...###.#......#♣######*
*
................†.......,
,
#...###.#......#.......#
* , ....#
#.#......#.#####.# , ,,
....# #.#......#.. , ,,
#...###.#......#...,, ,
,, , #.....#.#......#....
,, #.#.#.#.+......#.....,
, ....#.###.....##.#####
***


There were no monsters in sight!

Vanquished Creatures
  2 water moccasins
  2 black bears
  A centaur (D:3)
  2 phantoms
  6 scorpions (D:5)
  2 killer bees (D:5)
  3 jellies
  A hound (D:5)
  A sleepcap (D:6)
  2 iguanas (D:6)
  Robin (D:3)
  5 adders
  A shadow imp (D:3)
  A white imp (D:5)
  An ufetubus (D:6)
  2 dart slugs
  6 orcs
  4 ball pythons
  3 endoplasms
  6 giant cockroaches
  10 goblins
  11 hobgoblins
  3 jackals
  3 quokkas
  5 bats
  2 frilled lizards
  8 kobolds
  6 rats
100 creatures vanquished.

Notes
Turn   | Place    | Note
-------+----------+-------------------------------------------
     0 | D:1      | Danienth the Meteoran Shapeshifter began the quest for the
                  | Orb.
     0 | D:1      | Reached XP level 1. HP: 16/16 MP: 2/2
   123 | D:1      | Reached skill level 4 in Shapeshifting
   123 | D:1      | Reached XP level 2. HP: 18/23 MP: 3/3
   279 | D:1      | Reached XP level 3. HP: 28/28 MP: 4/4
   502 | D:1      | Glimpsed the power of Zot.
   541 | D:2      | Reached skill level 5 in Shapeshifting
   941 | D:2      | Reached XP level 4. HP: 34/35 MP: 5/5
   989 | D:3      | Noticed Robin
   992 | D:3      | Killed Robin
  1117 | D:3      | Found a faded altar of an unknown god.
  1225 | D:3      | Noticed a centaur
  1247 | D:3      | Killed a centaur
  1248 | D:3      | Reached skill level 6 in Shapeshifting
  1248 | D:3      | Reached XP level 5. HP: 14/40 MP: 6/6
  1277 | D:3      | Reached XP level 6. HP: 30/47 MP: 7/7
  1368 | D:3      | Identified the +4 sling of Stickiness {flame, rPois Dex+5}
  1703 | D:3      | Glimpsed the power of Zot.
  1762 | D:4      | Noticed a water moccasin
  1767 | D:4      | Killed a water moccasin
  1768 | D:4      | Reached skill level 1 in Ranged Weapons
  1768 | D:4      | Reached skill level 7 in Shapeshifting
  1999 | D:4      | Noticed a black bear
  2002 | D:4      | Killed a black bear
  2003 | D:4      | Reached XP level 7. HP: 56/56 MP: 8/8
  2145 | D:4      | Found a glowing golden altar of the Shining One.
  2295 | D:4      | Glimpsed the power of Zot.
  2301 | D:5      | Entered Level 5 of the Dungeon
  2321 | D:5      | Found a runed translucent door.
  2328 | D:5      | Found a runed translucent door.
  2546 | D:5      | Reached XP level 8. HP: 63/63 MP: 9/9
  2558 | D:5      | Learned a level 4 spell: Manifold Assault
  2564 | D:5      | Reached skill level 1 in Spellcasting
  2795 | D:5      | Found a staircase to the Ecumenical Temple.
  2802 | Temple   | Entered the Ecumenical Temple
  2843 | Temple   | Became a worshipper of Qazlal Stormbringer
  3040 | D:6      | Learned a level 3 spell: Hailstorm
  3045 | D:6      | Learned a level 4 spell: Summon Ice Beast
  3059 | D:6      | Reached skill level 5 in Fighting
  3077 | D:6      | Reached skill level 5 in Ranged Weapons
  3110 | D:6      | Gained mutation: You passively map the area around you.
                  | [Meteoran growth]
  3110 | D:6      | Reached XP level 9. HP: 68/74 MP: 13/13
  3253 | D:6      | HP: 5/112 [poisoned by a water moccasin]
  3257 | D:6      | HP: 2/112 [poisoned by a water moccasin]
  3260 | D:6      | Succumbed to a water moccasin's poison

Illustrated notes

Levels and vault maps discovered:
D:1:      matt_arrival_refuge, layout_basic, serial_aquarium,
          aquarium_bridge_straight [aquarium_subvault_bridge,
          aquarium_subvault_window, aquarium_subvault_bridge,
          aquarium_subvault_window], aquarium_window_2, aquarium_window_1,
          aquarium_window_1, aquarium_window_1, aquarium_view_2c,
          aquarium_view_2d, aquarium_pool_2, minmay_misc_feat_rugged
D:2:      layout_rooms
D:3:      layout_basic, shapermc_ecumenical_altar_mp_highgroup,
          minmay_misc_feat_cross, grunt_decor_cap, minmay_mini_jars, uniq_robin
D:4:      layout_loops_ring, mainiacjoe_overflow_small_starburst, serial_forest,
          infiniplex_forest_straight_4, infiniplex_forest_end_2,
          infiniplex_forest_clump_long, infiniplex_forest_end_2,
          infiniplex_forest_lined_ring, infiniplex_forest_clump_double,
          infiniplex_forest_side_room
D:5:      lemuel_insect_pit, layout_cave_pools, minmay_temple_entry_nine_rooms
D:6:      layout_basic, st_stairs_3, uniq_blork_the_orc
Temple:   minmay_temple_curvy_branch

Skill      XL: |  1  2  3  4  5  6  7  8  9 |
---------------+----------------------------+-----
Shapeshifting  | 4 5 6 7 |  7.1
Fighting       | 2 3 5 6 |  6.1
Ranged Weapons | 2 3 5 |  5.3
Dodging        | 3 4 |  4.2
Spellcasting   | 2 |  2.3
Unarmed Combat | 4 |  4.1

Action                     |  1- 3 |  4- 6 |  7- 9 || total
---------------------------+-------+-------+-------++-------
  Melee: Unarmed           |    56 |    80 |    15 ||   151
         Punch             |     1 |     2 |       ||     3
   Fire: Sling             |       |    25 |   111 ||   136
  Throw: Boomerang         |       |    10 |       ||    10
Ability: Begin Untransform |       |     1 |     1 ||     2
    Use: Scroll            |     1 |     6 |     6 ||    13
         Potion            |       |       |     2 ||     2
 Armour: Animal skin       |    22 |    62 |    13 ||    97
         Leather armour    |       |       |    26 ||    26
         Skin              |       |       |     3 ||     3
  Dodge: Dodged            |    41 |    75 |    51 ||   167
   Form: Beast             |       |     1 |       ||     1

Table legend: (Time is in decaauts)
 A = Elapsed time spent in this place.
 B = Non-inter-level travel time spent in this place.
 C = Inter-level travel time spent in this place.
 D = Time resting spent in this place.
 E = Time spent auto-exploring this place.
 F = Levels seen in this place.
 G = Mean time per level.
                   A        B        C        D        E       F      G
               +--------+--------+--------+--------+--------+-----+--------+
         Total |   3282 |   3050 |    232 |     16 |   2354 |   7 |  468.9 |
       Dungeon |   3215 |   3032 |    183 |     16 |   2354 |   6 |  535.8 |
        Temple |     66 |     17 |     49 |      0 |      0 |   1 |   66.0 |
               +--------+--------+--------+--------+--------+-----+--------+

Top non-repeatable levels by time:
     D:3: 737 daAuts
     D:4: 584 daAuts
     D:5: 574 daAuts
     D:1: 511 daAuts
     D:2: 472 daAuts
     D:6: 336 daAuts
  Temple: 66 daAuts
